AoeStats
← FERRYZC

Black Forest

510839797Analyzed
2v2 RM · 22h ago on Oct 2, 2026· 69m 10s· 4 players
Game mode
Random Map
Map size
Medium (4 player)
Population
200
Speed
Normal
Resources
Standard
Victory
Conquest
Starting age
Dark Age
Ending age
Imperial Age
RankedLock teamsTeams togetherTeam positionsShared explorationLock speedFull tech treeHidden civsTurbo modeCheats
Victory
Defeat
🇹🇼 Turks · Taiwan
815
+15
🇱🇺 Spanish · Luxembourg
752
+17
🇫🇷 Franks · France
786
-21
🇫🇷 Britons · France
783
-16
benjiwoo
6:20 Loom
6:45 Loom
9:17 Feudal Age
12:01 Town Watch
19:12 Castle Age
17:30 Fletching
19:38 Padded Archer Armor
19:18 Crossbowman
22:12 Leather Archer Armor
23:12 Wheelbarrow
22:39 Double-Bit Axe
22:58 Horse Collar
26:00 Bow Saw
26:05 Heavy Plow
29:31 Hand Cart
30:50 Town Patrol
34:30 Imperial Age
32:30 Ballistics
31:51 Treadmill Crane
32:14 Gold Mining
32:16 Stone Mining
32:49 Bodkin Arrow
32:56 Scale Mail Armor
33:07 Forging
33:46 Gold Shaft Mining
33:53 Gold Shaft Mining
32:44 Pikeman
33:25 Squires
34:13 Yeomen
35:50 Ring Archer Armor
35:21 Bracer
35:45 Conscription
36:33 Two-Man Saw
36:57 Caravan
37:07 Guilds
36:23 Elite Longbowman
39:49 Iron Casting
39:29 Chain Mail Armor
41:37 Blast Furnace
40:23 Treadmill Crane
40:54 Masonry
42:40 Capped Ram
44:15 Herbal Medicine
44:57 Warwolf
45:00 Halberdier
47:14 Architecture
46:49 Siege Engineers
46:46 Murder Holes
46:57 Siege Engineers
Fefedv
7:35 Loom
11:03 Feudal Age
11:53 Double-Bit Axe
22:56 Castle Age
25:51 Husbandry
26:24 Gold Mining
26:26 Stone Mining
27:42 Wheelbarrow
28:17 Pikeman
28:58 Squires
28:43 Arson
35:32 Caravan
36:03 Coinage
35:36 Caravan
36:07 Coinage
35:38 Caravan
36:12 Coinage
35:43 Caravan
39:10 Hand Cart
38:42 Town Watch
39:12 Hand Cart
39:35 Scale Barding Armor
39:31 Scale Mail Armor
39:42 Forging
39:23 Fletching
39:34 Padded Archer Armor
39:47 Padded Archer Armor
39:38 Fletching
40:07 Fortified Wall
40:18 Ballistics
40:04 Siphons
39:46 Ordonnance Companies
41:14 Chain Barding Armor
41:15 Masonry
41:02 Murder Holes
40:48 Treadmill Crane
42:38 Bow Saw
45:42 Imperial Age
43:02 Town Watch
43:33 Hand Cart
44:39 Town Patrol
46:29 Elite Throwing Axeman
47:45 Hoardings
48:49 Architecture
47:46 Cavalier
49:27 Plate Barding Armor
49:08 Chain Mail Armor
49:33 Iron Casting
49:14 Leather Archer Armor
49:11 Siege Engineers
49:45 Paladin
54:37 Paladin
55:38 Halberdier
66:15 Banking
FERRYZC
0:33 Loom
15:01 Feudal Age
15:37 Double-Bit Axe
15:37 Horse Collar
20:38 Castle Age
19:51 Fletching
23:21 Gold Mining
24:18 Heavy Plow
24:05 Elite Skirmisher
27:14 Bow Saw
29:05 Caravan
29:26 Husbandry
29:36 Bloodlines
30:15 Ballistics
31:58 Guard Tower
32:21 Fortified Wall
32:25 Forging
32:16 Scale Mail Armor
32:22 Scale Barding Armor
33:13 Wheelbarrow
34:25 Hand Cart
38:13 Imperial Age
36:00 Padded Archer Armor
36:01 Elite Skirmisher
36:47 Thumb Ring
36:57 Masonry
36:43 Murder Holes
36:44 Stone Mining
36:18 Pikeman
36:43 Gambesons
37:45 Bodkin Arrow
38:27 Iron Casting
38:12 Redemption
38:14 Fervor
38:07 Atonement
38:32 Sanctity
40:15 Chemistry
39:46 Architecture
38:45 Halberdier
39:25 Squires
38:48 Light Cavalry
40:19 Theocracy
40:10 Illumination
40:01 Block Printing
40:56 Bracer
41:56 Blast Furnace
41:11 Chain Mail Armor
41:12 Leather Archer Armor
41:17 Chain Barding Armor
40:26 Man-at-Arms
40:32 Hussar
41:23 Bloodlines
42:47 Conscription
42:28 Inquisition
42:51 Supremacy
45:32 Hoardings
45:03 Cavalier
47:05 Bombard Tower
46:11 Paladin
56:12 Ring Archer Armor
Olala
6:20 Loom
12:04 Feudal Age
13:09 Double-Bit Axe
16:56 Castle Age
19:09 Fletching
24:44 Wheelbarrow
25:00 Horse Collar
25:50 Fervor
26:54 Bow Saw
27:07 Town Watch
28:47 Hand Cart
30:08 Gold Mining
30:09 Stone Mining
31:37 Heavy Plow
31:36 Bodkin Arrow
31:43 Padded Archer Armor
34:01 Sanctity
33:54 Fortified Wall
33:27 Treadmill Crane
34:05 Leather Archer Armor
34:00 Forging
33:39 Arson
34:11 Bloodlines
35:06 Thumb Ring
35:59 Town Patrol
36:37 Caravan
37:08 Coinage
38:36 Ballistics
38:14 Murder Holes
41:06 Imperial Age
40:15 Masonry
40:15 Scale Barding Armor
40:46 Iron Casting
40:18 Atonement
41:41 Gold Shaft Mining
41:50 Bracer
42:20 Ring Archer Armor
42:14 Conscription
41:18 Elite Janissary
42:23 Artillery
42:30 Squires
42:33 Husbandry
43:22 Theocracy
44:11 Two-Man Saw
45:46 Hoardings
45:49 Guilds
46:10 Banking
46:04 Chain Barding Armor
46:45 Blast Furnace
46:15 Bombard Tower
46:16 Arrowslits
48:07 Man-at-Arms
49:30 Plate Barding Armor
48:55 Scale Mail Armor
62:37 Chain Mail Armor
Connection lost

Rejoining the realm…

Still unreachable

The connection could not be restored.

Session expired

The server has moved on; the page needs a fresh start.